 Dungeon Crawl Stone Soup version 0.30.1 (webtiles) character file.

Game seed: 2725736152390705989

1474 AIAndy the Trooper (level 8, 0/67 HPs)
             Began as a Demonspawn Fighter on July 2, 2023.
             Was an Elder of Wu Jian.
             Slain by Duvessa
             ... wielding a +0 rapier
              (13 damage)
             ... on level 5 of the Dungeon.
             The game lasted 00:29:14 (6087 turns).

AIAndy the Trooper (Demonspawn Fighter)             Turns: 6087, Time: 00:29:15

Health: 0/67       AC: 18    Str: 19    XL:     8   Next: 49%
Magic:  8/8        EV: 16    Int: 10    God:    Wu Jian [****..]
Gold:   436        SH:  5    Dex: 12    Spells: 7/7 levels left

rFire   . . .        d - +2 mace (protect)
rCold   . . .        c - +0 buckler
rNeg    + . .        b - +0 scale mail
rPois   .            (helmet restricted)
rElec   .            y - +0 cloak
rCorr   .            w - +0 pair of gloves
SInv    .            (no boots)
Will    .....        (no amulet) Stlth
                     m - ring of positive energy
HPRegen 0.31/turn    (no ring)
MPRegen 0.11/turn

%: no passive effects
@: under a protective aura, in a heavenly storm, glowing
A: antennae 1, thin metallic scales 1, ignite blood 1
a: Renounce Religion, Wall Jump, Serpent's Lash


You were on level 5 of the Dungeon.
You worshipped Wu Jian.
Wu Jian was greatly pleased with you.
You visited 1 branch of the dungeon, and saw 5 of its levels.
You also visited: Sewer.

You collected 436 gold pieces.

Inventory:

Hand Weapons
 a - a +0 rapier
 d - a +2 mace of protection (weapon)
 k - a +0 dagger of speed
 A - a +0 halberd
 B - a +3 sling
Missiles
 z - 2 throwing nets (quivered)
 C - 4 poisoned darts
Armour
 b - a +0 scale mail (worn)
 c - a +0 buckler (worn)
 w - a +0 pair of gloves (worn)
 y - a +0 cloak (worn)
Magical Staves
 l - a staff of poison
Jewellery
 m - a ring of positive energy (left hand)
Wands
 E - a wand of flame (12)
Scrolls
 f - 2 scrolls of blinking {unknown}
 h - a scroll of vulnerability {unknown}
 i - 3 scrolls of immolation {unknown}
 o - 5 scrolls of teleportation
 t - a scroll of fog {unknown}
 u - a scroll of poison {unknown}
 v - 2 scrolls of enchant weapon {unknown}
 x - a scroll of fear {unknown}
Potions
 e - 2 potions of heal wounds
 g - 3 potions of flight
 n - 4 potions of haste
 p - 3 potions of curing
 q - a potion of attraction
 r - a potion of lignification
 s - 2 potions of brilliance
 D - 2 potions of might


   Skills:
 + Level 7.3 Fighting
 - Level 1.7 Short Blades
 + Level 3.5 Maces & Flails
 + Level 5.2 Armour
 + Level 5.2 Shields


You had 7 spell levels left.
You didn't know any spells.
Your spell library contained the following spells:

 Spells                   Type           Power      Damage    Failure   Level
 Blink                    Tloc           0%         N/A       89%         2
 Ensorcelled Hibernation  Hex/Ice        0%         N/A       89%         2
 Lesser Beckoning         Tloc           0%         N/A       89%         2
 Frozen Ramparts          Ice            0%         1d1       98%         3
 Spider Form              Tmut/Pois      0%         N/A       98%         3
 Anguish                  Hex/Necr       0%         N/A       100%        4
 Ice Form                 Ice/Tmut       0%         N/A       100%        4
 Summon Ice Beast         Ice/Summ       0%         N/A       100%        4
 Summon Forest            Summ/Tloc      0%         N/A       100%        5
 Eringya's Noxious Bog    Tmut/Pois      0%         N/A       100%        6
 Dragon Form              Tmut           0%         N/A       100%        7
 Summon Hydra             Summ           0%         N/A       100%        7


Dungeon Overview and Level Annotations

Branches:
Dungeon (5/15)             Temple (0/1) D:5           Sewer (visited)

Altars:
Ashenzari
Trog
Vehumet
Wu Jian
Xom

Annotations:
D:5 Duvessa


Innate Abilities, Weirdness & Mutations

You have a pair of small antennae on your head.
You are partially covered in thin metallic scales. (AC +2)
Your demonic aura sometimes causes spilled blood to erupt in flames.


Message History

You spin and attack Dowan.
You sock Dowan!
Your weapon exudes an aura of protection.
Dowan is heavily wounded.
You spin and attack Duvessa.
You sock Duvessa!
Duvessa is moderately wounded.
Dowan points at you and mumbles some strange words.
The puff of frost hits you!
Duvessa zaps a wand.
The bolt of light hits you!
You spin and attack Duvessa.
You hit Duvessa but do no damage.
Duvessa is moderately wounded.
You spin and attack Dowan.
You sock Dowan!
Dowan is almost dead.
Duvessa zaps a wand.
The bolt of light hits you but does no damage.
Dowan smirks and points a slender finger.
Dowan mumbles some strange words.
Dowan blinks!
You block Duvessa's attack.
You spin to attack Duvessa, but your attack speed is too slow for a blow to land.
Dowan hits you with a +0 dagger.
Duvessa zaps a wand.
The bolt of light misses you.
You thump Dowan!
You kill Dowan!
The Council accepts your kill.
Duvessa screams in rage.
Duvessa goes berserk!
You block Duvessa's attack. Duvessa hits you but does no damage.
You spin and attack Duvessa.
You hit Duvessa.
Duvessa is moderately wounded.
Duvessa hits you but does no damage. x2
You sock Duvessa!
Duvessa is heavily wounded.
Duvessa hits you with a +0 rapier!
* * * LOW HITPOINT WARNING * * *
Duvessa misses you.
You sock Duvessa!
Duvessa is almost dead.
Duvessa barely misses you.
You barely miss Duvessa.
Duvessa is almost dead.
Duvessa is no longer moving quickly.
Duvessa hits you with a +0 rapier!
You die...

#.........+ #........
#.........# ###.###.#
#.........# #.# #.#
#.......$.# #####.#
#.# #...☼§§...#
#.....###.#
#☼#######.##...##..
####§§§☼...#.##...####
#.☼☼§e§§°.##..........
#.☼☼☼@§§§.###.....###.
#.§§☼§§§§.# #.....# #.
#####§§§#.# #.....# #.
#.>.#.# ###...# #.
#####...#.###########.
#.....................
#.........############
#.........# {
#.........#


You could see Duvessa (berserk).

Vanquished Creatures
  Grinder (D:5)
  Eustachio (D:5)
  A water moccasin (D:5)
  A black bear (D:5)
  A centaur (D:5)
  2 scorpions (D:4)
  Dowan (D:5)
  5 iguanas
  A sleepcap (D:5)
  20 gnolls
  17 adders
  2 river rats (Sewer)
  A white imp (D:5)
  3 ufetubi
  2 worms (Sewer)
  3 dart slugs
  An orc (D:3)
  12 ball pythons
  8 bats
  6 endoplasms
  5 giant cockroaches
  21 hobgoblins
  5 jackals
  4 quokkas
  7 frilled lizards
  41 goblins
  10 kobolds
  5 rats
  A butterfly (D:5)
188 creatures vanquished.

Notes
Turn   | Place    | Note
-------+----------+-------------------------------------------
     0 | D:1      | AIAndy the Demonspawn Fighter began the quest for the Orb.
     0 | D:1      | Reached XP level 1. HP: 18/18 MP: 1/1
   278 | D:1      | Found a faded altar of an unknown god.
   289 | D:1      | Gained mutation: You have a pair of small antennae on your
                  | head. [demonic ancestry]
   289 | D:1      | Reached XP level 2. HP: 11/25 MP: 2/2
   293 | D:1      | Prayed at the altar of an unknown god.
   293 | D:1      | Became a worshipper of the Wu Jian Council
   293 | D:1      | Reached * piety under Wu Jian
   523 | D:1      | Reached skill level 4 in Fighting
   992 | D:2      | Gained mutation: Your demonic aura sometimes causes spilled
                  | blood to erupt in flames. [demonic ancestry]
   992 | D:2      | Reached XP level 3. HP: 25/31 MP: 3/3
  1335 | D:2      | Reached ** piety under Wu Jian
  1336 | D:2      | Reached XP level 4. HP: 31/38 MP: 4/4
  1342 | D:2      | Reached skill level 5 in Fighting
  1823 | D:3      | Found a radiant altar of Vehumet.
  2480 | D:4      | Reached XP level 5. HP: 39/44 MP: 5/5
  2753 | D:4      | Found a glowing drain.
  2766 | Sewer    | Entered a sewer
  2972 | Sewer    | Reached *** piety under Wu Jian
  2980 | Sewer    | Reached XP level 6. HP: 36/52 MP: 6/6
  3255 | Sewer    | Reached skill level 6 in Fighting
  3872 | D:4      | Reached skill level 1 in Maces & Flails
  4132 | D:4      | Reached **** piety under Wu Jian
  4203 | D:4      | Gained mutation: You are partially covered in thin metallic
                  | scales. (AC +2) [demonic ancestry]
  4203 | D:4      | Reached XP level 7. HP: 50/58 MP: 7/7
  4633 | D:4      | Reached ***** piety under Wu Jian
  5069 | D:5      | Entered Level 5 of the Dungeon
  5315 | D:5      | Found a sparkling altar of Nemelex Xobeh.
  5317 | D:5      | Found a broken altar of Ashenzari.
  5317 | D:5      | Found a bloodstained altar of Trog.
  5319 | D:5      | Found a shimmering altar of Xom.
  5319 | D:5      | Found a radiant altar of Vehumet.
  5319 | D:5      | Found a radiant altar of Vehumet.
  5471 | D:5      | Reached XP level 8. HP: 51/65 MP: 8/8
  5594 | D:5      | Noticed Grinder
  5609 | D:5      | Killed Grinder
  5610 | D:5      | Reached skill level 7 in Fighting
  5610 | D:5      | Reached skill level 5 in Armour
  5610 | D:5      | Reached skill level 5 in Shields
  5621 | D:5      | Got the Precepts of Moulding and the Map
  5635 | D:5      | Noticed Eustachio
  5660 | D:5      | Killed Eustachio
  6040 | D:5      | Found a staircase to the Ecumenical Temple.
  6060 | D:5      | Noticed Duvessa
  6060 | D:5      | Noticed Dowan
  6083 | D:5      | Killed Dowan
  6087 | D:5      | Slain by Duvessa

Illustrated notes

Levels and vault maps discovered:
D:1:      minmay_arrival_nine_rooms, layout_basic,
          ebering_ecumenical_altar_abandoned, serial_park_tiny_2,
          grunt_decor_one_mirror, grunt_decor_clamped
D:2:      minmay_chambers_of_ones, layout_rooms, grunt_ministairs_10,
          kennysheep_path_1
D:3:      layout_basic, nicolae_vehumet_radiance, kennysheep_generic_room_10
D:4:      minmay_goblin_kobold_castle, layout_loops_cross, serial_glass,
          glass_columns_a, glass_columns_b, cheibrodos_sewer_entry_drain
D:5:      layout_basic, doesnt_xom_only_xom, minmay_temple_entry_butterflies,
          uniq_ijyb, uniq_duvessa, uniq_eustachio, uniq_grinder

Skill      XL: |  1  2  3  4  5  6  7  8 |
---------------+-------------------------+-----
Fighting       | 4 5 6 7 |  7.3
Armour         | 3 4 5 |  5.2
Shields        | 3 4 5 |  5.2
Maces & Flails | 1 2 3 |  3.5
Short Blades   | |  1.7

Action                     |  1- 3 |  4- 6 |  7- 9 || total
---------------------------+-------+-------+-------++-------
  Melee: Rapier            |    46 |       |       ||    46
         Dagger            |    86 |   197 |       ||   283
         Mace              |       |   233 |   239 ||   472
   Fire: Sling             |       |       |     3 ||     3
 Invoke: Heavenly Storm    |       |       |     1 ||     1
Ability: Lunge             |    16 |    33 |    13 ||    62
         Whirlwind         |     2 |    12 |    28 ||    42
    Use: Potion            |       |     2 |     4 ||     6
         Scroll            |       |       |     5 ||     5
 Armour: Scale mail        |    41 |   210 |   192 ||   443
  Dodge: Dodged            |    48 |   215 |   126 ||   389
  Block: Buckler           |    21 |   102 |    89 ||   212
